 Dungeon Crawl Stone Soup version 0.28-a0-533-g9f97627e2a (webtiles) character file.

Game seed: 9106325846245156442

11062 Shayle the Fighter (level 11, -2/119 HPs)
             Began as an Ogre Warper on Sept 25, 2021.
             Was an Elder of Makhleb.
             Slain by a boulder beetle (25 damage)
             ... on level 11 of the Dungeon.
             The game lasted 00:43:23 (16946 turns).

Shayle the Fighter (Ogre Warper)                   Turns: 16946, Time: 00:43:23

Health: -2/119     AC:  6    Str: 24    XL:     11   Next: 71%
Magic:  16/16      EV:  9    Int: 16    God:    Makhleb [****..]
Gold:   442        SH: 12    Dex:  8    Spells: 1/14 levels left

rFire   . . .      SeeInvis .   n - +3 broad axe (vorpal)
rCold   . . .      Faith    .   r - +3 kite shield {rPois}
rNeg    + + .      Spirit   .   b - +0 robe
rPois   +          Reflect  .   (helmet restricted)
rElec   .          Harm     .   u - +2 cloak {Stlth+}
rCorr   +          Rampage  .   (gloves unavailable)
Will    +....                   (boots unavailable)
Stlth   ++........              (no amulet)
HPRegen 0.29/turn               s - ring "Fousaun" {rN++ rCorr Str+6}
MPRegen 0.15/turn               v - +4 ring of slaying

@: mighty
A: large, unfitting armour, tough skin 1
a: Renounce Religion, Minor Destruction, Lesser Servant of Makhleb, Major
Destruction


You were on level 11 of the Dungeon.
You worshipped Makhleb.
Makhleb was greatly pleased with you.
You visited 3 branches of the dungeon, and saw 13 of its levels.

You collected 629 gold pieces.
You spent 187 gold pieces at shops.

Inventory:

Hand Weapons
 c - a +9 spear
 n - a +3 vorpal broad axe (weapon)
 t - a +0 demon whip
 y - a +1 flail of holy wrath
 F - the +6 flail of Rausau {vorpal, *Rage *Corrode rF+++ SInv}
   (You found it on level 8 of the Dungeon)

   It inflicts extra damage upon your enemies.
   rF:        It renders you almost immune to fire.
   SInv:      It lets you see invisible.
   *Rage:     It lets you go berserk by making a melee attack (+20% chance).
   *Corrode:  It may corrode you when you take damage.
 J - a +2 whip of electrocution
Missiles
 f - 11 throwing nets
 q - 314 stones (quivered)
 x - 15 boomerangs
Armour
 b - a +0 robe (worn)
 r - a +3 kite shield of poison resistance (worn)
 u - a +2 cloak of stealth (worn)
Jewellery
 s - the ring "Fousaun" (left hand) {rN++ rCorr Str+6}
   (You acquired it on level 3 of the Dungeon)

   [ring of strength]

   Str:       It affects your strength (+6).
   rN:        It greatly protects you from negative energy.
   rCorr:     It protects you from acid and corrosion.
 v - a +4 ring of slaying (right hand)
 I - an amulet of faith
Wands
 i - a wand of charming (1)
 A - a wand of paralysis (5)
 D - a wand of flame (31)
Scrolls
 d - 4 scrolls of vulnerability
Potions
 g - a potion of cancellation
 h - a potion of flight
 j - 3 potions of brilliance
 l - 2 potions of attraction
 o - 2 potions of ambrosia
 w - 3 potions of mutation
 z - a potion of lignification
 C - a potion of heal wounds {unknown}
Miscellaneous
 p - a piece from Xom's chessboard (15/15)


   Skills:
 - Level 10.7 Fighting
 + Level 9.1 Axes
 - Level 1.0 Throwing
 - Level 2.1 Dodging
 - Level 9.1 Shields
 - Level 2.4 Spellcasting
 - Level 2.4 Conjurations
 + Level 6.0 Translocations
 + Level 0.2 Fire Magic
 - Level 2.4 Air Magic
 + Level 6.9 Invocations


You had one spell level left.
You knew the following spells:

 Your Spells              Type           Power      Damage    Failure   Level
a - Blink                 Tloc           N/A        N/A       2%          2
b - Static Discharge      Conj/Air       9%         N/A       11%         2
c - Manifold Assault      Tloc           21%        N/A       43%         5
d - Sticky Flame          Conj/Fire      6%         2d3       75%         4

Your spell library contained the following spells:

 Spells                   Type           Power      Damage    Failure   Level
 Beastly Appendage        Tmut           2%         N/A       21%         1
 Gell's Gravitas          Tloc           10%        N/A       4%          3
 Lesser Beckoning         Tloc           21%        N/A       4%          3
 Teleport Other           Tloc           21%        N/A       4%          3
 Wereblood                Tmut           1%         N/A       30%         2
 Conjure Flame            Conj/Fire      6%         6-21      34%         3
 Ignite Poison            Fire/Tmut/Pois 2%         N/A       50%         3
 Frozen Ramparts          Ice            2%         1d2       52%         3
 Spider Form              Tmut/Pois      0%         N/A       52%         3
 Summon Forest            Summ/Tloc      5%         N/A       85%         5
 Ice Form                 Ice/Tmut       1%         N/A       89%         4
 Summon Ice Beast         Ice/Summ       1%         N/A       89%         4
 Lightning Bolt           Conj/Air       4%         1d16      90%         5
 Dispersal                Tloc           10%        N/A       95%         6
 Summon Mana Viper        Hex/Summ       1%         N/A       99%         5
 Summon Cactus Giant      Summ           0%         N/A       100%        6
 Maxwell's Capacitive Co  Air            4%         ∞         100%        8


Dungeon Overview and Level Annotations

Branches:
Dungeon (11/15)            Temple (1/1) D:7            Lair (1/6) D:9
    Orc: D:9-12

Altars:
Cheibriados
Fedhas
Hepliaklqana
Makhleb
Nemelex Xobeh
Okawaru
Ru
Trog
Uskayaw
Yredelemnul

Shops:
D:3 (=[   D:6 [*:([[   D:7 ?

Annotations:
D:10 Urug


Innate Abilities, Weirdness & Mutations

You are too large for most types of armour.
You have tough skin. (AC +1)


Message History

You feel better.
You slash the orc!
You kill the orc!
Makhleb accepts your kill.
You feel better. You block the boulder beetle's attack.
The boulder beetle stops rolling and uncurls.
You completely miss the boulder beetle. You completely miss the orc warrior.
You block the orc warrior's attack.
The boulder beetle bites you but does no damage.
Unknown command.
You feel very mighty all of a sudden. You block the orc warrior's attack.
The boulder beetle bites you!!
You completely miss the boulder beetle. You completely miss the orc warrior.
The orc warrior hits you with a +0 battleaxe!
The boulder beetle barely misses you.
Unknown command.
You slash the boulder beetle!
The boulder beetle is lightly wounded.
You slice the orc warrior!! You block the orc warrior's attack.
The boulder beetle bites you!!
Unknown command.
You slash the orc warrior!
You kill the orc warrior!
Makhleb accepts your kill.
You feel better.
You slash the boulder beetle! You block the boulder beetle's attack.
You slash the boulder beetle!
The boulder beetle is severely wounded.
You block the boulder beetle's attack.
Unknown command.
You hit the boulder beetle.
The boulder beetle is severely wounded.
The boulder beetle bites you!! x2
* * * LOW HITPOINT WARNING * * *
Unknown command.
You feel better. You block the boulder beetle's attack.
You slice the boulder beetle!!
The boulder beetle is almost dead.
The boulder beetle bites you!!
You die...

. .# #. #. ..#
#.. #.####..#.#
#.## #....)°...#
...# #o.).#
#..###.##......
#..##.# ..#..
.######.)..#.#.##
.......@B........
..######..####...
#### .


You could see a boulder beetle.

Vanquished Creatures
  Harold (D:9)
  Maurice (D:9)
  A komodo dragon (D:9)
  A blink frog (Lair:1)
  A hornet (D:7)
  A vampire (D:9)
  22 yaks
  A steam dragon (D:9)
  A water moccasin (D:5)
  5 orc warriors
  A hornet zombie (D:8)
  A necrophage (D:6)
  A wolf (D:6)
  3 ogres
  A centaur (D:8)
  4 bullfrogs
  5 gnoll sergeants
  5 scorpions
  6 killer bees
  3 howler monkeys
  An electric eel (D:6)
  11 wights
  2 bullfrog zombies (D:6)
  A centaur zombie (D:9)
  4 orc priests
  A centaur skeleton (D:4)
  3 iguanas
  A gnoll shaman (D:6)
  13 hounds
  2 jellies
  13 orc wizards
  A hound skeleton (D:4)
  A howler monkey zombie (D:8)
  41 gnolls
  7 adders
  A shadow imp (D:6)
  A white imp (D:5)
  An adder skeleton (D:4)
  5 dart slugs
  30 orcs
  12 ball pythons
  6 bats
  6 endoplasms
  3 giant cockroaches
  11 goblins
  10 hobgoblins
  14 jackals
  3 quokkas
  2 frilled lizards (D:3)
  17 kobolds
  5 rats
294 creatures vanquished.

Vanquished Creatures (collateral kills)
  4 blink frogs (Lair:1)
  2 yaks (D:8)
  An acid dragon (D:9)
  An orc warrior (D:9)
  A wight (D:9)
  A gnoll (D:6)
  An orc (D:9)
11 creatures vanquished.

Vanquished Creatures (others)
  A gnoll shaman (D:6)
  An electric eel (D:6)
  2 fungi (Lair:1)
  32 plants
36 creatures vanquished.

Grand Total: 341 creatures vanquished

Notes
Turn   | Place    | Note
-------+----------+-------------------------------------------
     0 | D:1      | Shayle the Ogre Warper began the quest for the Orb.
     0 | D:1      | Reached XP level 1. HP: 22/22 MP: 3/3
    61 | D:1      | Reached skill level 3 in Fighting
    61 | D:1      | Reached XP level 2. HP: 27/31 MP: 5/5
   189 | D:1      | Found a faded altar of an unknown god.
   514 | D:1      | Learned a level 2 spell: Blink
   517 | D:1      | Learned a level 2 spell: Static Discharge
   550 | D:1      | Reached XP level 3. HP: 22/37 MP: 3/6
  1787 | D:3      | Found Ihaops's Jewellery Boutique.
  2046 | D:2      | Reached XP level 4. HP: 43/48 MP: 0/7
  2190 | D:3      | Found Kacheimua's Antique Armour Emporium.
  2451 | D:3      | Reached skill level 4 in Fighting
  2468 | D:3      | Reached XP level 5. HP: 33/54 MP: 8/8
  2928 | D:3      | Reached skill level 1 in Conjurations
  2928 | D:3      | Reached skill level 1 in Air Magic
  3177 | D:3      | Identified 3 scrolls of acquirement
  3187 | D:3      | Acquired a +0 vorpal broad axe
  3188 | D:3      | Acquired the ring "Fousaun" {rN++ rCorr Str+6}
  3189 | D:3      | Acquired a +2 kite shield of poison resistance
  3296 | D:3      | Found Poesseoh's Antique Weapon Shoppe.
  3845 | D:4      | Noticed an ogre
  3851 | D:4      | Killed an ogre
  3852 | D:4      | Reached XP level 6. HP: 48/65 MP: 9/9
  3953 | D:4      | Reached skill level 5 in Fighting
  3953 | D:4      | Reached skill level 5 in Axes
  4420 | D:4      | Identified the +2 pair of gloves of Gozag's Favour {rC+ rN+
                  | Will-}
  4503 | D:4      | Reached XP level 7. HP: 71/72 MP: 10/10
  4997 | D:4      | Found a burning altar of Makhleb.
  5006 | D:4      | Became a worshipper of Makhleb the Destroyer
  5244 | D:5      | Entered Level 5 of the Dungeon
  5573 | D:6      | Found Siaqagec's Book Shoppe.
  5657 | D:6      | Reached skill level 1 in Shields
  5664 | D:6      | Reached skill level 6 in Fighting
  5700 | D:6      | Found Ihess's Armour Shop.
  5796 | D:6      | Reached XP level 8. HP: 34/83 MP: 9/11
  6136 | D:6      | Found Niaqur's Armour Shoppe.
  6175 | D:6      | Bought a +0 cloak for 49 gold pieces
  6580 | D:5      | Reached * piety under Makhleb
  6632 | D:5      | Reached skill level 1 in Invocations
  6679 | D:5      | Reached skill level 7 in Fighting
  6889 | D:5      | Reached ** piety under Makhleb
  7658 | D:6      | Reached XP level 9. HP: 93/93 MP: 12/12
  8891 | D:6      | Found Suzxum's Weapon Boutique.
  8983 | D:6      | Reached skill level 5 in Shields
  9178 | D:6      | Reached skill level 8 in Fighting
  9448 | D:6      | Found Irghit's Antique Armour Shop.
  9467 | D:6      | Found Yfyop's Assorted Antiques.
  9470 | D:6      | Bought a sedimented dark potion for 18 gold pieces
  9470 | D:6      | Bought a viscous pink potion for 18 gold pieces
  9470 | D:6      | Bought an orange potion for 18 gold pieces
  9470 | D:6      | Bought a worn silver wand for 84 gold pieces
  9627 | D:7      | Learned a level 5 spell: Manifold Assault
 10022 | D:7      | Reached *** piety under Makhleb
 10257 | D:7      | Found Fait's Magic Scroll Emporium.
 10257 | D:7      | Noticed a hornet
 10292 | D:7      | Killed a hornet
 10574 | D:7      | Found a staircase to the Ecumenical Temple.
 10589 | Temple   | Entered the Ecumenical Temple
 10801 | D:7      | Reached XP level 10. HP: 95/106 MP: 13/13
 11482 | D:8      | Identified the +6 flail of Rausau {vorpal, *Rage *Corrode
                  | rF+++ SInv}
 12456 | D:8      | Reached skill level 9 in Fighting
 13599 | D:8      | Reached skill level 5 in Invocations
 14109 | D:9      | Found a staircase to the Lair.
 14113 | D:9      | Reached skill level 5 in Translocations
 14317 | Lair:1   | Entered Level 1 of the Lair of Beasts
 14388 | Lair:1   | Reached XP level 11. HP: 53/117 MP: 15/15
 14398 | Lair:1   | Reached skill level 10 in Fighting
 15571 | D:9      | Noticed Harold
 15589 | D:9      | Killed Harold
 15857 | D:10     | Entered Level 10 of the Dungeon
 15880 | D:10     | Noticed Maurice
 15887 | D:10     | Paralysed by something for 3 turns
 16005 | D:9      | Paralysed by something for 7 turns
 16049 | D:9      | Killed Maurice
 16610 | D:10     | Noticed Urug
 16623 | D:10     | Reached **** piety under Makhleb
 16643 | D:10     | Learned a level 4 spell: Sticky Flame
 16891 | D:10     | Noticed a boulder beetle
 16927 | D:11     | Noticed a boulder beetle
 16946 | D:11     | Slain by a boulder beetle

Illustrated notes

Levels and vault maps discovered:
D:1:      dpeg_arrival_stone_temple_mockup, layout_basic,
          ebering_ecumenical_altar_abandoned
D:2:      layout_loops_ring
D:3:      minmay_thinvault, layout_rooms, serial_shops, shop,
          nicolae_shop_statue_plus, shop, kennysheep_path_1,
          nicolae_underground_beach
D:4:      layout_loops_ring, makhleb_blood_cavern_becter,
          serial_co_window_serial, co_window_paths_b, co_window_paths_a,
          co_window_corner_a, co_window_paths_a, co_window_cross_1,
          co_window_broadway_b, co_window_unsneaky_path_c, co_window_2corner,
          glass_columns_a, glass_columns_a, glass_columns_c, glass_columns_c,
          kennysheep_generic_room_7
D:5:      corexii_shantytown, layout_cave_pools, hellmonk_bongcloud_opening,
          minmay_a_box_with_orc_wizards_in_it
D:6:      layout_cave_pools, serial_shops, shop, nicolae_shop_waterfront,
          nicolae_take_the_stairs, nicolae_shop_behind_doors,
          kennysheep_little_box, serial_gnoll_camp, gnoll_camp_mini_hut,
          gnoll_camp_huts_moat, gnoll_camp_mini_loothouse,
          gnoll_camp_mini_sergeant, gnoll_camp_medium_01, gnoll_camp_mini_shop
D:7:      layout_loops_corners, minmay_temple_entry_overgrown,
          kennysheep_diamond, minmay_strange_pillars
D:8:      layout_basic
D:9:      layout_gridville, david_lair_shrubbed, uniq_harold
D:10:     layout_rooms, lightli_fourway_metalbox, uniq_maurice, uniq_urug,
          uniq_sonja
D:11:     layout_rooms, orc_0_dummy, hangedman_decor_growths, minivault_12
Temple:   kilobyte_greek_temple
Lair:1:   layout_layer_cave, infiniplex_staircase_pool

Skill      XL: |  1  2  3  4  5  6  7  8  9 10 11 |
---------------+----------------------------------+-----
Fighting       | 3 4 5 6 7 8 9 10 | 10.7
Axes           | 3 4 5 6 7 8 9 |  9.1
Conjurations   | 1 2 |  2.4
Air Magic      | 1 2 |  2.4
Shields        | 1 4 6 8 9 |  9.1
Invocations    | 2 4 5 6 |  6.9
Translocations | 4 5 6 |  6.0
Throwing       | |  1.0
Dodging        | |  2.1
Spellcasting   | |  2.4
Fire Magic     | |  0.2

Action                   |  1- 3 |  4- 6 |  7- 9 | 10-12 || total
-------------------------+-------+-------+-------+-------++-------
Melee: Hand axe          |    97 |    49 |       |       ||   146
       Dagger            |       |    44 |       |       ||    44
       Broad axe         |       |    68 |   271 |   245 ||   584
       Flail             |       |       |     8 |     3 ||    11
Throw: Boomerang         |     5 |       |       |       ||     5
       Stone             |       |     2 |       |     2 ||     4
 Cast: Static Discharge  |     6 |     5 |    12 |     8 ||    31
       Blink             |       |       |     7 |     6 ||    13
Invok: Lesser Servant of |       |       |     1 |     8 ||     9
Evoke: Wand              |       |       |    13 |    15 ||    28
       Piece from Xom's  |       |       |     1 |       ||     1
  Use: Scroll            |       |    11 |    10 |    10 ||    31
       Potion            |       |     2 |     4 |    10 ||    16
 Stab: Invisible         |       |       |     2 |       ||     2
       Paralysed         |       |       |       |     2 ||     2
Armor: Robe              |    38 |    53 |   100 |    79 ||   270
       Skin              |       |    14 |       |    19 ||    33
Dodge: Dodged            |    67 |    74 |   163 |    90 ||   394
Block: Kite shield       |       |       |       |   119 ||   119

Table legend: (Time is in decaauts)
 A = Elapsed time spent in this place.
 B = Non-inter-level travel time spent in this place.
 C = Inter-level travel time spent in this place.
 D = Time resting spent in this place.
 E = Time spent auto-exploring this place.
 F = Levels seen in this place.
 G = Mean time per level.
                   A        B        C        D        E       F      G
               +--------+--------+--------+--------+--------+-----+--------+
         Total |  17115 |  16762 |    353 |   5707 |   7719 |  13 | 1316.5 |
       Dungeon |  16533 |  16207 |    326 |   5437 |   7558 |  11 | 1503.0 |
        Temple |    122 |     95 |     27 |      0 |     95 |   1 |  122.0 |
          Lair |    459 |    459 |      0 |    270 |     66 |   1 |  459.0 |
               +--------+--------+--------+--------+--------+-----+--------+

Top non-repeatable levels by time:
     D:9: 2881 daAuts
     D:6: 2253 daAuts
     D:8: 2045 daAuts
     D:4: 1957 daAuts
     D:5: 1795 daAuts
     D:3: 1514 daAuts
     D:7: 1475 daAuts
     D:2: 1220 daAuts
     D:1: 969 daAuts
  Lair:1: 459 daAuts
    D:10: 388 daAuts
  Temple: 122 daAuts
    D:11: 30 daAuts
